 Dungeon Crawl Stone Soup version 0.31.0-9-g3a7656b989 (webtiles) character file.

Game seed: 1723493447558862592

3162 qw the Nimble (level 9, -5/45 HPs)
             Began as a Spriggan Hunter on Feb 2, 2024.
             Was a Priest of Okawaru.
             Slain by a skeletal warrior
             ... wielding a +0 glaive
              (29 damage)
             ... on level 8 of the Dungeon.
             The game lasted 00:00:30 (6938 turns).

qw the Nimble (Spriggan Hunter)                     Turns: 6938, Time: 00:00:30

Health: -5/45      AC:  3    Str:  7    XL:     9   Next: 63%
Magic:  12/13      EV: 33    Int: 10    God:    Okawaru [***...]
Gold:   199        SH:  0    Dex: 23    Spells: 8/8 levels left

rFire   . . .        q - +1 orcbow (flame)
rCold   . . .        (shield currently unavailable)
rNeg    . . .        c - +1 robe
rPois   .            (helmet restricted)
rElec   .            (no cloak)
rCorr   .            (gloves unavailable)
SInv    +            (boots unavailable)
Will    +....        (no amulet)
Stlth   ++++         (no ring)
HPRegen 0.27/turn    (no ring)
MPRegen 0.13/turn

%: no passive effects
@: heroic, very quick
A: very small, no large weapons, unfitting armour, see invisible, speed 3
a: Renounce Religion, Heroism


You were on level 8 of the Dungeon.
You worshipped Okawaru.
Okawaru was most pleased with you.
You visited 2 branches of the dungeon, and saw 9 of its levels.

You collected 373 gold pieces.
You spent 174 gold pieces at shops.


Innate Abilities, Weirdness & Mutations

You are very small and have problems with some larger weapons.
You are too small for most types of armour.
You have supernaturally acute eyesight. (SInv)
You cover ground extremely quickly. (Speed+++)


   Skills:
 - Level 4.1(9.1) Fighting
 - Level 10.0(15.0) Ranged Weapons
 + Level 10.3(15.3) Dodging
 - Level 1.5(6.5) Stealth
 - Level 4.3 Invocations


You had 8 spell levels left.
You didn't know any spells.
Your spell library was empty.

Inventory:

Hand Weapons
 q - a +1 orcbow of flaming (weapon)
Armour
 c - a +1 robe (worn)
Jewellery
 n - a ring of ice
Wands
 m - a wand of acid (15)
 p - a wand of roots (8)
Scrolls
 a - 3 scrolls of identify
 l - a scroll of teleportation
Potions
 b - 3 potions of curing
 d - 3 potions of mutation
 e - a potion of haste
 f - a potion of cancellation
 h - a potion of degeneration {unknown}
 i - a potion of magic {unknown}
 j - a potion of enlightenment {unknown}
 k - a potion of might {unknown}

Dungeon Overview and Level Annotations

Branches:
Dungeon (8/15)             Temple (1/1) D:4
   Lair: D:8-11

Altars:
Ashenzari
Cheibriados
Dithmenos
Elyvilon
Fedhas
Gozag
Hepliaklqana
Kikubaaqudgha
Makhleb
Nemelex Xobeh
Okawaru
Qazlal
Ru
Sif Muna
Trog
Uskayaw
Vehumet
Wu Jian
Xom
Zin
The Shining One

Shops:
D:8 :(?

Annotations:
D:2 1 runed translucent door, Crazy Yiuf


Message History

A skeletal warrior comes into view. It is wielding a +0 glaive.
Found 6 stones and a flail.
6929 ||| INVOKING Heroism.
You gain the combat prowess of a mighty hero.
You shoot an arrow.
The arrow hits the skeletal warrior but does no damage.
A skeletal warrior comes into view. It is wielding a +0 war axe.
You shoot an arrow.
The arrow hits the skeletal warrior but does no damage.
You shoot an arrow. The arrow hits the skeletal warrior!
The arrow burns the skeletal warrior.
The skeletal warrior is moderately damaged.
You shoot an arrow.
The arrow barely misses the skeletal warrior.
The arrow hits the skeletal warrior.
The arrow burns the skeletal warrior.
The skeletal warrior is lightly damaged.
You shoot an arrow. The arrow hits the skeletal warrior.
The arrow burns the skeletal warrior.
The skeletal warrior is moderately damaged.
A skeletal warrior comes into view. It is wielding a +0 trident.
Enter note:
Enter note:
Enter note:
Enter note: You shoot an arrow.
The arrow closely misses the skeletal warrior.
The arrow barely misses the skeletal warrior.
You shoot an arrow.
The arrow hits the skeletal warrior but does no damage.
The skeletal warrior is moderately damaged.
You shoot an arrow.
The arrow closely misses the skeletal warrior.
The arrow hits the skeletal warrior.
The arrow burns the skeletal warrior.
The skeletal warrior is lightly damaged.
The skeletal warrior hits you from afar with a +0 glaive!!
You shoot an arrow.
The arrow barely misses the skeletal warrior.
The skeletal warrior hits you from afar with a +0 glaive!!
Ouch! That really hurt!
You die...

#.......# #....
#.......# #....
#..>....# #....
######.:.## ##.##
##.####...#######'##
#....#..............
#....'..............
#....#..............
#..@.#..............
#....#..............
#.zz.#..............
##..#######.##.##.##
z..# #..##.##.##.##
..... ..............
..... .............
..)..( )............
#.........


You could see 3 skeletal warriors.

Vanquished Creatures
  3 wyverns
  2 water moccasins
  3 sky beasts
  An ice beast (D:7)
  2 ogres
  A centaur (D:6)
  Blork the orc (D:4)
  6 bullfrogs
  4 scorpions (D:4)
  8 wights (D:8)
  5 hounds
  2 bombardier beetles (D:4)
  2 jellies
  A gnoll bouda (D:6)
  An orc priest (D:7)
  A sleepcap (D:7)
  4 orc wizards
  Terence (D:2)
  Robin (D:2)
  6 gnolls
  11 adders
  3 white imps
  4 dart slugs
  3 ribbon worms
  14 orcs
  6 bats
  7 endoplasms
  6 giant cockroaches
  22 goblins
  13 hobgoblins
  4 quokkas
  5 ball pythons
  3 frilled lizards (D:1)
  8 kobolds
  6 rats
170 creatures vanquished.

Notes
Turn   | Place    | Note
-------+----------+-------------------------------------------
     0 | D:1      | qw the Spriggan Hunter began the quest for the Orb.
     0 | D:1      | Reached XP level 1. HP: 10/10 MP: 2/2
     0 | D:1      | 0 ||| qw: Version: 0.3-a-155-g5e7d8dd
     0 | D:1      | 0 ||| qw: Game counter: 267
     0 | D:1      | 0 ||| qw: Melee chars always use a shield: true
     0 | D:1      | 0 ||| qw: God list: Okawaru
     0 | D:1      | 0 ||| qw: Allow faded altars: false
     0 | D:1      | 0 ||| qw: Do Orc after clearing Dungeon:15 true
     0 | D:1      | 0 ||| qw: Do second Lair branch before Depths: true
     0 | D:1      | 0 ||| qw: Lair rune preference: random
     0 | D:1      | 0 ||| qw: Goals: Normal
     0 | D:1      | 0 ||| PLANNING D:1-11
    47 | D:1      | Reached skill level 3 in Dodging
    77 | D:1      | Reached XP level 2. HP: 14/14 MP: 3/3
   328 | D:1      | Reached XP level 3. HP: 18/18 MP: 4/4
   674 | D:1      | 674 ||| READING scroll labelled UHUSSU BETOCYXKIPI.
   674 | D:1      | 674 ||| IDENTIFYING smoky pink potion
   675 | D:1      | 675 ||| READING 2 scrolls labelled ROGROPR QIEKHLADGH.
   676 | D:1      | 676 ||| READING scroll labelled HENIUM NUADWIZ.
   679 | D:1      | 679 ||| DROPPING scroll of butterflies.
   680 | D:1      | 680 ||| DROPPING scroll of blinking.
   779 | D:2      | Noticed Terence
   782 | D:2      | Killed Terence
   783 | D:2      | Reached XP level 4. HP: 15/22 MP: 5/5
  1108 | D:2      | Noticed Robin
  1116 | D:2      | Killed Robin
  1387 | D:2      | Found a runed translucent door.
  1388 | D:2      | Noticed Crazy Yiuf
  1773 | D:2      | 1773 ||| READING scroll of identify.
  1773 | D:2      | 1773 ||| IDENTIFYING blue potion
  1774 | D:2      | 1774 ||| DRINKING 2 lumpy emerald potions.
  1861 | D:3      | 1861 ||| DRINKING potion of curing.
  1861 | D:3      | 1861 ||| (to cure confusion)
  1865 | D:3      | Reached XP level 5. HP: 24/26 MP: 6/6
  1942 | D:3      | Found a faded altar of an unknown god.
  2007 | D:3      | Found a bloodstained altar of Trog.
  2007 | D:3      | Found a shadowy altar of Dithmenos.
  2230 | D:3      | Reached skill level 6 in Ranged Weapons
  2509 | D:3      | Found a snail-covered altar of Cheibriados.
  2538 | D:3      | 2538 ||| READING scroll labelled RORASONORA.
  2539 | D:3      | 2539 ||| READING scroll labelled VYOBRE HUITHRO.
  2540 | D:3      | 2540 ||| READING scroll labelled TAREIS SOGO.
  2641 | D:3      | 2641 ||| READING scroll labelled JUVOARE WOBAZ.
  2641 | D:3      | 2641 ||| ENCHANTING +0 shortbow.
  2705 | D:4      | Found a glowing golden altar of the Shining One.
  2712 | D:4      | Reached XP level 6. HP: 29/30 MP: 7/7
  2780 | D:4      | Reached skill level 6 in Dodging
  2940 | D:4      | Reached XP level 7. HP: 35/35 MP: 8/8
  3101 | D:4      | 3101 ||| READING scroll of enchant weapon.
  3101 | D:4      | 3101 ||| ENCHANTING +1 shortbow.
  3161 | D:4      | Found a staircase to the Ecumenical Temple.
  3161 | D:4      | Noticed Blork the orc
  3162 | D:4      | 3162 ||| PLANNING TEMPLE
  3162 | D:4      | 3162 ||| READING scroll of identify.
  3162 | D:4      | 3162 ||| IDENTIFYING inky potion
  3163 | D:4      | 3163 ||| DROPPING potion of brilliance.
  3171 | Temple   | Entered the Ecumenical Temple
  3172 | Temple   | 3172 ||| PLANNING OKAWARU WORSHIP
  3175 | Temple   | Became a worshipper of Warmaster Okawaru
  3176 | Temple   | 3176 ||| PLANNING D:1-11
  3192 | D:4      | 3192 ||| DRINKING potion of haste.
  3196 | D:4      | Killed Blork the orc
  3579 | D:4      | 3579 ||| READING scroll of identify.
  3579 | D:4      | 3579 ||| IDENTIFYING viscous silvery potion
  3580 | D:4      | 3580 ||| DROPPING potion of lignification.
  3613 | D:5      | Entered Level 5 of the Dungeon
  3822 | D:5      | Found a burning altar of Makhleb.
  3930 | D:5      | 3930 ||| READING scroll labelled YPORHURRE.
  3931 | D:5      | 3931 ||| READING scroll labelled QOTOF LEDE.
  4099 | D:6      | Noticed a wyvern
  4112 | D:6      | Killed a wyvern
  4112 | D:6      | Reached * piety under Okawaru
  4113 | D:6      | Reached XP level 8. HP: 25/39 MP: 9/9
  4167 | D:6      | Found a broken altar of Ashenzari.
  4189 | D:6      | Reached skill level 1 in Invocations
  4375 | D:6      | 4375 ||| RETREEEEATING.
  4376 | D:6      | 4376 ||| RETREEEEATING.
  4377 | D:6      | 4377 ||| RETREEEEATING.
  4483 | D:6      | Found a hazy altar of Hepliaklqana.
  4503 | D:6      | Reached skill level 3 in Fighting
  4531 | D:6      | 4531 ||| SWAPPING to +0 orcbow.
  4532 | D:6      | 4532 ||| DROPPING +2 shortbow.
  4712 | D:6      | Reached ** piety under Okawaru
  4825 | D:6      | 4825 ||| DROPPING amulet of magic regeneration.
  4826 | D:6      | 4826 ||| READING scroll labelled VITYMU QAFO TEU.
  4826 | D:6      | 4826 ||| ENCHANTING +0 robe.
  4827 | D:6      | 4827 ||| READING scroll labelled FOM ESTEQ BUF.
  4828 | D:6      | 4828 ||| READING scroll labelled IPSURCH ORGHE.
  4830 | D:6      | 4830 ||| Stepping ~*~*~tactically~*~*~ (cloud).
  4907 | D:7      | Reached skill level 3 in Invocations
  5145 | D:7      | HP: 9/40 [wyvern (7)]
  5146 | D:7      | 5146 ||| READING scroll of teleportation.
  5199 | D:7      | Reached skill level 9 in Ranged Weapons
  5355 | D:7      | HP: 4/40 [wyvern (11)]
  5356 | D:7      | 5356 ||| READING scroll of teleportation.
  5359 | D:7      | Reached skill level 9 in Dodging
  5359 | D:7      | Reached XP level 9. HP: 6/44 MP: 13/13
  5642 | D:7      | Found a blossoming altar of Fedhas.
  6151 | D:7      | Found a glowing silver altar of Zin.
  6303 | D:7      | 6303 ||| READING 2 scrolls of identify.
  6303 | D:7      | 6303 ||| IDENTIFYING brown potion
  6304 | D:7      | 6304 ||| READING scroll of identify.
  6304 | D:7      | 6304 ||| IDENTIFYING clear potion
  6305 | D:7      | 6305 ||| READING scroll labelled QISTRI QUQAI.
  6305 | D:7      | 6305 ||| BRANDING +0 orcbow.
  6306 | D:7      | 6306 ||| DROPPING wand of flame (13).
  6307 | D:7      | 6307 ||| DROPPING potion of ambrosia.
  6329 | D:8      | 6329 ||| RETREEEEATING.
  6339 | D:8      | Reached *** piety under Okawaru
  6534 | D:8      | Found Ysash's Book Emporium.
  6553 | D:8      | Found Uwugol's Antique Weapon Shop.
  6644 | D:8      | Found Iladeam's Magic Scroll Shoppe.
  6649 | D:8      | 6649 ||| BUYING scroll of enchant weapon (90 gold).
  6649 | D:8      | Bought a scroll of enchant weapon for 90 gold pieces
  6649 | D:8      | 6649 ||| BUYING scroll of identify (24 gold).
  6649 | D:8      | Bought a scroll of identify for 24 gold pieces
  6649 | D:8      | 6649 ||| BUYING scroll of identify (24 gold).
  6649 | D:8      | Bought a scroll of identify for 24 gold pieces
  6649 | D:8      | 6649 ||| BUYING scroll of teleportation (36 gold).
  6649 | D:8      | Bought a scroll of teleportation for 36 gold pieces
  6649 | D:8      | 6649 ||| READING scroll of enchant weapon.
  6649 | D:8      | 6649 ||| ENCHANTING +0 orcbow of flaming.
  6719 | D:8      | 6719 ||| RETREEEEATING.
  6928 | D:8      | Noticed a skeletal warrior
  6929 | D:8      | 6929 ||| INVOKING Heroism.
  6930 | D:8      | Noticed a skeletal warrior
  6934 | D:8      | Noticed a skeletal warrior
  6938 | D:8      | Slain by a skeletal warrior

Levels and vault maps discovered:
D:1:      kennysheep_arrival_seaside, layout_basic
D:2:      layout_basic, hangedman_abyss_or_decor_lesser_grid,
          nicolae_elevator_lobby_asterisk, uniq_crazy_yiuf_cottage, uniq_robin,
          uniq_terence
D:3:      layout_loops_cross, gammafunk_temple_overflow_wave, slow_altar_2,
          ebering_ecumenical_altar_hall
D:4:      layout_loops_ring, nicolae_tso_carved_into_rock,
          minmay_temple_entry_slanted, minmay_pentangle, uniq_blork_the_orc
D:5:      layout_rooms, makhleb_heckhound_becter
D:6:      layout_basic, lemuel_doored_altar, cheibrodos_ashenzari_chains
D:7:      layout_basic, fedhas_ov_isle_minmay, zin_scriptorium, enter_bailey_3
D:8:      layout_gridville, serial_shops, kennysheep_little_box,
          kennysheep_mini, shop
Temple:   hellmonk_temple_two_chambers

Skill      XL: |  1  2  3  4  5  6  7  8  9 |
---------------+----------------------------+-----
Dodging        | 3 4 5 6 8 9 10 | 10.3
Ranged Weapons | 5 6 8 9 10 | 10.0
Fighting       | 2 3 4 |  4.1
Invocations    | 4 |  4.3
Stealth        | |  1.5

Action                     |  1- 3 |  4- 6 |  7- 9 || total
---------------------------+-------+-------+-------++-------
   Fire: Shortbow          |    95 |   200 |   133 ||   428
         Orcbow            |       |       |   207 ||   207
 Invoke: Heroism           |       |       |     1 ||     1
    Use: Scroll            |     3 |     5 |    14 ||    22
         Potion            |       |     2 |     1 ||     3
 Armour: Robe              |    13 |    27 |    62 ||   102
  Dodge: Dodged            |    25 |    88 |   199 ||   312

Table legend:
 A = Non-vault XP
 B = Vault XP
 C = Vault XP percentage of total XP
 D = Non-vault monster count
 E = Vault monster count
 F = Vault count percentage of total count
                 A         B        C        D         E       F
            +---------+---------+-------+---------+---------+-------
      Total |    4125 |     393 |   8.7 |     137 |      33 |  19.4
            +---------+---------+-------+---------+---------+-------
        D:1 |      64 |       0 |   0.0 |      31 |       0 |   0.0
        D:2 |      53 |      64 |  54.7 |      12 |      11 |  47.8
        D:3 |     177 |       4 |   2.2 |      21 |       1 |   4.5
        D:4 |     588 |     275 |  31.9 |      22 |      16 |  42.1
        D:5 |      51 |      42 |  45.2 |       3 |       1 |  25.0
        D:6 |     663 |       0 |   0.0 |      13 |       0 |   0.0
        D:7 |    1504 |       8 |   0.5 |      17 |       4 |  19.0
        D:8 |    1025 |       0 |   0.0 |      18 |       0 |   0.0
            +---------+---------+-------+---------+---------+-------
